 Dungeon Crawl Stone Soup version 0.32-a0-898-g7811c86 (webtiles) character file.

Game seed: 14297874507632959371

12559 OneMoreNut the Carver (level 11, -7/58 HPs)
             Began as a Vine Stalker Fighter on Apr 4, 2024.
             Was a High Priest of Okawaru.
             Succumbed to a minotaur's poison
             ... in a Gauntlet.
             The game lasted 00:28:18 (9829 turns).

OneMoreNut the Carver (Vine Stalker Fighter)        Turns: 9829, Time: 00:28:19

Health: -7/58      AC: 11    Str: 27    XL:     11   Next: 95%
Magic:  4/17       EV: 22    Int:  8    God:    Okawaru [*****.]
Gold:   601        SH:  7    Dex: 14    Spells: 10/10 levels left

rFire   . . .        g - +3 scimitar
rCold   . . .        c - +0 buckler
rNeg    . . .        H - +0 acid dragon scales
rPois   .            (no helmet)
rElec   .            A - scarf of Cecheup {repulsion, Str+4}
rCorr   +            (no gloves)
SInv    .            r - +0 pair of boots
Will    +....        (no amulet)
Stlth   +++          m - +5 ring of evasion
HPRegen 1.09/turn    v - +5 ring of evasion
MPRegen 0.15/turn

%: no teleportation, repel missiles, guardian spirit
@: brilliant, lethally poisoned (-7 -> -56), heroic, studying Ranged Weapons
A: fangs 3, regeneration 1, magic shield, antimagic bite, no potion heal 2
a: Renounce Religion, Heroism, Finesse, Duel


You were in a Gauntlet.
You worshipped Okawaru.
Okawaru was extremely pleased with you.
You visited 2 branches of the dungeon, and saw 12 of its levels.
You also visited: Gauntlet.

You collected 601 gold pieces.

Inventory:

Hand Weapons
 g - a +3 scimitar (weapon)
 B - a +0 war axe of flaming
Missiles
 k - 2 throwing nets (quivered)
Armour
 c - a +0 buckler (worn)
 j - a +0 cloak
 r - a +0 pair of boots (worn)
 z - the +0 hat of Negation {rC+++ Int+4 Dex-5 SInv}
   (You found it in a Gauntlet)

   Int+4:     It affects your intelligence (+4).
   Dex-5:     It affects your dexterity (-5).
   rC+++:     It renders you almost immune to cold.
   SInv:      It lets you see invisible.
 A - the scarf of Cecheup (worn) {repulsion, Str+4}
   (You found it on level 4 of the Dungeon)

   Str+4:     It affects your strength (+4).
 H - +0 acid dragon scales (worn)
Jewellery
 b - the ring of Kikiqeeg {rPois MP+9}
   (You found it on level 10 of the Dungeon)

   [ring of poison resistance]

   rPois:     It protects you from poison.
   MP+9:      It affects your magic capacity (+9).
 m - a +5 ring of evasion (left hand)
 v - a +5 ring of evasion (right hand)
Wands
 e - a wand of roots (4)
 n - a wand of mindburst (8)
 t - a wand of flame (23)
 F - a wand of polymorph (9)
Scrolls
 l - 2 scrolls of teleportation
 o - 2 scrolls of amnesia
 x - 2 scrolls of acquirement
 y - a scroll of immolation
 D - 2 scrolls of fog {unknown}
 E - a scroll of enchant weapon {unknown}
Potions
 a - a potion of attraction {unknown}
 d - 3 potions of might
 f - 3 potions of brilliance
 h - 5 potions of enlightenment
 i - 2 potions of curing {unknown}
 p - a potion of resistance {unknown}
 q - 3 potions of berserk rage
 s - a potion of degeneration {unknown}
 u - 3 potions of heal wounds {unknown}
 w - 3 potions of magic {unknown}
 C - a potion of haste {unknown}
 G - a potion of mutation {unknown}


   Skills:
 - Level 7.0(12.0) Fighting
 - Level 10.0(15.0) Long Blades
 + Level 7.9(12.9) Armour
 - Level 8.0(13.0) Shields
 - Level 7.0 Invocations


You had 10 spell levels left.
You didn't know any spells.
Your spell library contained the following spells:

 Spells                   Type           Power      Damage    Failure   Level
 Magic Dart               Conj           0%         1d3       50%         1
 Slow                     Hex            0%         N/A       50%         1
 Blink                    Tloc           0%         N/A       63%         2
 Mercury Vapours          Alch/Air       0%         N/A       63%         2
 Sublimation of Blood     Necr           0%         N/A       63%         2
 Confusing Touch          Hex            0%         N/A       86%         3
 Sigil of Binding         Hex            0%         N/A       86%         3
 Stone Arrow              Conj/Erth      0%         3d7       86%         3
 Vampiric Draining        Necr           0%         2d6       86%         3
 Lehudib's Crystal Spear  Conj/Erth      0%         10d2      100%        8
 Call Imp                 Summ           Unusable   N/A       N/A         2
 Animate Armour           Summ/Erth      Unusable   N/A       N/A         4
 Death Channel            Necr           Unusable   N/A       N/A         6
 Sculpt Simulacrum        Ice/Alch       Unusable   N/A       N/A         6
 Summon Hydra             Summ           Unusable   N/A       N/A         7

Dungeon Overview and Level Annotations

Branches:
Dungeon (11/15)            Temple (1/1) D:5            Lair (0/5) D:10
Gauntlet (1/1)
    Orc: D:9-12

Altars:
Ashenzari
Cheibriados
Dithmenos
Elyvilon
Fedhas
Gozag
Hepliaklqana
Kikubaaqudgha
Makhleb
Nemelex Xobeh
Okawaru
Qazlal
Ru
Sif Muna
Trog
Uskayaw
Vehumet
Wu Jian
Xom
Yredelemnul
Zin
The Shining One

Shops:
D:6 *   D:9 [=[   D:10 [:*

Annotations:
D:4 3 runed translucent doors, ooops's ghost, novice CoGl
D:5 3 runed translucent doors, uithing's ghost, novice CoHu
D:8 3 runed translucent doors, waagh's ghost, novice MfGl Gauntlet 7 transporters


Innate Abilities, Weirdness & Mutations

You have razor-sharp teeth.
Your natural rate of healing is unusually fast.
When hurt, damage is shared between your health and your magic reserves.
Your bite disrupts and absorbs the magic of your enemies.
Potions cannot restore your health.


Message History

The minotaur shoots an arrow.
The arrow completely misses you.
The minotaur unwields the +7 orcbow of the Ten Hells {elec, *Corrode rElec rC+ SInv}.
It stops crackling.
The minotaur wields a +2 hand axe of venom.
It begins to drip with poison!
The minotaur misses you. x2
There is an open door here.
You hit the minotaur but do no damage.
You bite the minotaur, but do no damage.
You block the minotaur's attack. x2
You hit the minotaur but do no damage.
The minotaur hits you with a +2 hand axe of venom!
You are poisoned.
The minotaur gores you.
You slash the minotaur! You bite the minotaur! You drain its power.
You feel invigorated.
The minotaur is moderately wounded.
You feel very sick. The minotaur closely misses you. The minotaur misses you.
You slash the minotaur!
The minotaur is moderately wounded.
You feel sick.
You slash the minotaur!
You bite the minotaur, but do no damage.
The minotaur is heavily wounded.
You feel very sick.
The minotaur hits you with a +2 hand axe of venom!!
You are lethally poisoned!
The minotaur misses you.
You hit the minotaur but do no damage.
You bite the minotaur, but do no damage.
The minotaur is heavily wounded.
* * * LOW HITPOINT WARNING * * *
You feel extremely sick.
The minotaur hits you with a +2 hand axe of venom!
* * * LOW HITPOINT WARNING * * *
You are more poisoned.
The minotaur misses you.
It was a potion of brilliance.
You feel clever all of a sudden.
You die...

#≈≈≈#...### #####
#...#...#ß.
#....##...#.ß.#§.
#.##.##.ß.#.⌠.#ß.
#.##....©.#.ß.###
###.##.##.ß.#...#b. #≈
#.#....##.©.#...#t.
#≈≈.#.#.##.##.ß.#.ß.#.#
#≈∩...@.##....©.#.∩.#..
#≈≈.#H#.##.##.ß.#.ß.#.#
#≈ #.#....##.©.#...#..
###.##.##.ß.#...#..
#.##....©.#.ß.###
#.##.##.ß.#.⌠.#ß.
#....##...#.ß.#©.
#######...#...#ß.
#≈≈≈#...###


You could see a minotaur.

Vanquished Creatures
  A cyclops (D:7)
  Maggie (D:8)
  2 komodo dragons (D:10)
  A gargoyle (D:8)
  A hornet (D:10)
  Prince Ribbit (D:6)
  A water elemental (D:11)
  2 slime creatures (Gauntlet)
  4 fire bats (Gauntlet)
  26 yaks
  2 wyverns
  A steam dragon (D:8)
  3 vampire mosquitoes (D:9)
  Menkaure (D:4)
  3 acid dragons
  3 water moccasins
  Duvessa (D:4)
  2 hell hounds (Gauntlet)
  An ice beast (D:7)
  A black bear (D:6)
  3 sky beasts
  4 orc warriors
  2 ogres
  4 centaurs
  A phantom (D:7)
  2 kobold brigands
  5 bullfrogs
  4 scorpions
  7 wights
  Dowan (D:4)
  6 killer bees
  An electric eel (D:9)
  5 howler monkeys
  2 hounds
  2 bombardier beetles
  5 orc priests
  4 jellies
  A sleepcap (D:3)
  3 iguanas
  7 orc wizards
  3 gnolls (D:3)
  3 adders
  A shadow imp (D:6)
  3 white imps
  3 dart slugs
  4 ribbon worms
  25 orcs
  4 bats
  4 endoplasms
  4 giant cockroaches
  4 goblins
  2 hobgoblins (D:4)
  6 jackals
  13 kobolds
  2 quokkas
  4 ball pythons
  2 frilled lizards
  4 rats
218 creatures vanquished.

Notes
Turn   | Place    | Note
-------+----------+-------------------------------------------
     0 | D:1      | OneMoreNut the Vine Stalker Fighter began the quest for the
                  | Orb.
     0 | D:1      | Reached XP level 1. HP: 11/11 MP: 2/2
    40 | D:1      | Found a faded altar of an unknown god.
   118 | D:1      | Reached skill level 2 in Long Blades
   317 | D:1      | Reached XP level 2. HP: 16/16 MP: 3/3
   802 | D:2      | Reached skill level 3 in Long Blades
   804 | D:2      | Reached XP level 3. HP: 19/19 MP: 0/4
  1661 | D:3      | Reached XP level 4. HP: 21/23 MP: 5/5
  1701 | D:3      | Reached skill level 4 in Long Blades
  1795 | D:3      | Reached XP level 5. HP: 25/27 MP: 4/6
  1947 | D:3      | Reached skill level 5 in Long Blades
  2319 | D:4      | Noticed an ogre
  2331 | D:4      | Killed an ogre
  2332 | D:4      | Reached XP level 6. HP: 18/32 MP: 7/7
  2343 | D:4      | Noticed Duvessa
  2466 | D:4      | Found a runed translucent gate.
  2466 | D:4      | Found a runed translucent gate.
  2466 | D:4      | Found a runed translucent gate.
  2467 | D:4      | Noticed ooops's ghost (novice CoGl)
  2496 | D:4      | Noticed Menkaure
  2503 | D:4      | Killed Menkaure
  2504 | D:4      | Reached skill level 6 in Long Blades
  2515 | D:4      | Identified the scarf of Cecheup {repulsion, Str+4}
  2597 | D:4      | Killed Duvessa
  2598 | D:4      | Reached skill level 7 in Long Blades
  2598 | D:4      | Reached XP level 7. HP: 23/35 MP: 6/8
  2598 | D:4      | Found a bloodstained altar of Trog.
  2605 | D:4      | Noticed Dowan
  2627 | D:4      | Killed Dowan
  2650 | D:4      | Found a shimmering blue altar of Sif Muna.
  2654 | D:4      | Got Sif Muna's Vellum of Tinctures
  2993 | D:5      | Entered Level 5 of the Dungeon
  3056 | D:5      | Found a snail-covered altar of Cheibriados.
  3056 | D:5      | Found a glowing golden altar of the Shining One.
  3056 | D:5      | Found a shimmering altar of Xom.
  3131 | D:5      | Found a broken altar of Ashenzari.
  3131 | D:5      | Found an iron altar of Okawaru.
  3243 | D:5      | Became a worshipper of Warmaster Okawaru
  3307 | D:5      | Reached skill level 5 in Fighting
  3307 | D:5      | Gained mutation: You have razor-sharp teeth. [Vine Stalker
                  | growth]
  3307 | D:5      | Reached XP level 8. HP: 28/43 MP: 9/9
  3383 | D:5      | Found a staircase to the Ecumenical Temple.
  3389 | Temple   | Entered the Ecumenical Temple
  3422 | D:5      | Found a runed translucent gate.
  3422 | D:5      | Found a runed translucent gate.
  3422 | D:5      | Found a runed translucent gate.
  3700 | D:5      | Noticed uithing's ghost (novice CoHu)
  3955 | D:6      | Reached * piety under Okawaru
  3956 | D:6      | Reached skill level 5 in Shields
  4033 | D:6      | Found a glowing silver altar of Zin.
  4033 | D:6      | Noticed a yak
  4033 | D:6      | Noticed a yak
  4033 | D:6      | Noticed a yak
  4191 | D:6      | Found Beokloora's Lightly-Used Armoury.
  4445 | D:6      | Noticed a yak
  4445 | D:6      | Noticed a yak
  4453 | D:6      | Killed a yak
  4463 | D:6      | Killed a yak
  4471 | D:6      | Killed a yak
  4472 | D:6      | Reached XP level 9. HP: 34/47 MP: 6/13
  4479 | D:6      | Reached ** piety under Okawaru
  4480 | D:6      | Reached skill level 5 in Invocations
  4618 | D:6      | Noticed Prince Ribbit
  4625 | D:6      | Killed Prince Ribbit
  4626 | D:6      | Reached skill level 5 in Armour
  4822 | D:6      | Found a stormy altar of Qazlal.
  4829 | D:6      | Found an opulent altar of Gozag.
  4849 | D:6      | Found a blossoming altar of Fedhas.
  5560 | D:7      | Reached *** piety under Okawaru
  5561 | D:7      | Reached skill level 8 in Long Blades
  5631 | D:7      | Identified a scroll of acquirement
  5774 | D:7      | Noticed a cyclops
  5833 | D:7      | Reached XP level 10. HP: 53/53 MP: 14/14
  5928 | D:7      | Killed a cyclops
  5929 | D:7      | Reached skill level 9 in Long Blades
  6623 | D:8      | Noticed a gargoyle
  6659 | D:8      | Killed a gargoyle
  6727 | D:8      | Found an ancient bone altar of Kikubaaqudgha.
  6741 | D:8      | Reached **** piety under Okawaru
  6802 | D:8      | Found a basalt altar of Yredelemnul.
  6864 | D:8      | Noticed Maggie
  6884 | D:8      | Killed Maggie
  6908 | D:8      | Found a white marble altar of Elyvilon.
  6948 | D:8      | Reached skill level 10 in Long Blades
  7274 | D:8      | Found a runed translucent gate.
  7275 | D:8      | Found a runed translucent gate.
  7275 | D:8      | Found a runed translucent gate.
  7282 | D:8      | Found an opulent altar of Gozag.
  7284 | D:8      | Noticed a fire dragon
  7284 | D:8      | Noticed waagh's ghost (novice MfGl)
  7284 | D:8      | Noticed a cyclops
  7636 | D:9      | Reached XP level 11. HP: 57/58 MP: 17/17
  7655 | D:9      | Reached ***** piety under Okawaru
  7845 | D:9      | Found a shadowy altar of Dithmenos.
  7905 | D:9      | Found Ohuergh's Antique Armour Shoppe.
  7917 | D:9      | Found Meyw's Jewellery Emporium.
  7919 | D:9      | Found Erchaode's Antique Armour Boutique.
  8090 | D:9      | Received a gift from Okawaru
  8154 | D:10     | Entered Level 10 of the Dungeon
  8154 | D:10     | Found Kubegh's Armour Boutique.
  8154 | D:10     | Found Heotaiv's Book Boutique.
  8154 | D:10     | Found Zyisijies's General Store.
  8573 | D:10     | Identified the ring of Kikiqeeg {rPois MP+9}
  8754 | D:10     | Found a staircase to the Lair.
  8999 | D:10     | Paralysed by a hornet for 3 turns
  9396 | D:11     | Found a gate leading to a gauntlet.
  9406 | Gauntlet | Entered a Gauntlet
  9406 | Gauntlet | Found a transporter.
  9411 | Gauntlet | Found a runed translucent gate.
  9411 | Gauntlet | Found a runed translucent gate.
  9411 | Gauntlet | Found a runed translucent gate.
  9413 | Gauntlet | Found a transporter.
  9416 | Gauntlet | Found a transporter.
  9417 | Gauntlet | Found a transporter.
  9425 | Gauntlet | Found a transporter.
  9428 | Gauntlet | Found a transporter.
  9429 | Gauntlet | Found a transporter.
  9431 | Gauntlet | Noticed a fire crab
  9440 | Gauntlet | Found a transporter.
  9440 | Gauntlet | Found a transporter.
  9441 | Gauntlet | Found a transporter.
  9443 | Gauntlet | Noticed a fire crab
  9449 | Gauntlet | Found a transporter.
  9452 | Gauntlet | Found a transporter.
  9453 | Gauntlet | Found a transporter.
  9461 | Gauntlet | Found a transporter.
  9641 | Gauntlet | Received a gift from Okawaru
  9741 | Gauntlet | Identified the +0 hat of Negation {rC+++ Int+4 Dex-5 SInv}
  9820 | Gauntlet | Identified the +7 orcbow of the Ten Hells {elec, *Corrode
                  | rElec rC+ SInv}
  9820 | Gauntlet | Noticed a minotaur
  9829 | Gauntlet | Succumbed to a minotaur's poison

Illustrated notes

Levels and vault maps discovered:
D:1:      scummos_arrival_checkerplants, layout_loops_ring,
          hellmonk_ecumenical_altar_run_dry
D:2:      layout_basic
D:3:      layout_rooms
D:4:      layout_basic, nzn_overflow_gifts_of_might_and_magic,
          ebering_ghost_rock_garden, uniq_menkaure
D:5:      layout_loops_ring, gammafunk_temple_overflow_claw,
          mainiacjoe_overflow_divided_tiny, minmay_temple_entry_hall,
          ebering_ghost_rock_garden
D:6:      layout_basic, grunt_temple_overflow_forces_of_nature,
          mainiacjoe_overflow_tiny_flanked, grunt_gozag_breadcrumbs,
          minmay_hedge_maze, minmay_shop_damaged, uniq_prince_ribbit1
D:7:      layout_basic, st_stairs_9, glass_columns_a, minmay_manual_mess
D:8:      layout_loops_ring, kennysheep_ying_yang, ebering_ghost_gozag,
          minmay_ruined_shrine, uniq_maggie
D:9:      layout_roguey, grunt_dithmenos_smoke, orc_0_dummy,
          serial_bayou_ford_a, nicolae_wooded_promenade
D:10:     layout_irregular_city, david_lair_shrubbed, hangedman_decor_riveting,
          nicolae_shop_distant_corner_stores, grunt_ministairs_11
D:11:     layout_cave_pools, gauntlet_entry_generic,
          nicolae_kite_square_tiling_tiny, nicolae_tso_swordbearing_angel,
          uniq_fannar
Temple:   hellmonk_temple_beads
Gauntlet: gammafunk_gauntlet_77_escape_option
          [minmay_gauntlet_arena_77_run_for_it, minmay_gauntlet_arena_77_museum,
          minmay_gauntlet_arena_77_chump_sandwich, minmay_gauntlet_arena_77_fan,
          minmay_gauntlet_arena_77_two_paths, gauntlet_exit_watery]

Skill      XL: |  1  2  3  4  5  6  7  8  9 10 11 |
---------------+----------------------------------+-----
Long Blades    | 2 3 4 5 7 8 10 | 10.0
Fighting       | 5 7 |  7.0
Shields        | 5 8 |  8.0
Armour         | 3 5 7 |  7.9
Invocations    | 4 5 7 |  7.0

Action                     |  1- 3 |  4- 6 |  7- 9 | 10-12 || total
---------------------------+-------+-------+-------+-------++-------
  Melee: Long sword        |    76 |    75 |   314 |    18 ||   483
         Bite              |    19 |    27 |   113 |   151 ||   310
         Scimitar          |       |       |       |   445 ||   445
 Invoke: Heroism           |       |       |     2 |     5 ||     7
    Use: Scroll            |       |       |    10 |     1 ||    11
         Potion            |       |       |       |     1 ||     1
 Armour: Scale mail        |    53 |    26 |   115 |   112 ||   306
         Acid dragon scale |       |       |       |    96 ||    96
  Dodge: Dodged            |    38 |    38 |   190 |   379 ||   645
         Repelled          |       |     3 |    11 |    18 ||    32
  Block: Buckler           |    21 |    15 |    60 |   137 ||   233

Table legend: (Time is in decaauts)
 A = Elapsed time spent in this place.
 B = Non-inter-level travel time spent in this place.
 C = Inter-level travel time spent in this place.
 D = Time resting spent in this place.
 E = Time spent auto-exploring this place.
 F = Levels seen in this place.
 G = Mean time per level.
                   A        B        C        D        E       F      G
               +--------+--------+--------+--------+--------+-----+--------+
         Total |   9841 |   9257 |    584 |    208 |   6066 |  13 |  757.0 |
       Dungeon |   9427 |   8843 |    584 |    148 |   6066 |  11 |  857.0 |
        Temple |      1 |      1 |      0 |      0 |      0 |   1 |    1.0 |
      Gauntlet |    412 |    412 |      0 |     60 |      0 |   1 |  412.0 |
               +--------+--------+--------+--------+--------+-----+--------+

Top non-repeatable levels by time:
     D:7: 1433 daAuts
     D:6: 1197 daAuts
    D:10: 1080 daAuts
     D:8: 1017 daAuts
     D:5: 913 daAuts
     D:2: 893 daAuts
     D:4: 815 daAuts
     D:1: 754 daAuts
     D:9: 683 daAuts
     D:3: 565 daAuts
Gauntlet: 412 daAuts
    D:11: 73 daAuts
  Temple: 1 daAuts
